 Dungeon Crawl Stone Soup version 0.30.0-10-gfe55d96785 (webtiles) character file.

Game seed: 16070054799027582315

3749 Sabo the Cleaver (level 10, -1/51 HPs)
             Began as a Vine Stalker Fighter on May 14, 2023.
             Was a Priest of Nemelex Xobeh.
             Slain by a vampire mosquito (5 damage)
             ... on level 8 of the Dungeon.
             The game lasted 00:40:19 (7846 turns).

Sabo the Cleaver (Vine Stalker Fighter)             Turns: 7846, Time: 00:40:21

Health: -1/51      AC: 15    Str: 22    XL:     10   Next: 15%
Magic:  0/11       EV:  7    Int: 16    God:    Nemelex Xobeh [***...]
Gold:   364        SH: 16    Dex: 21    Spells: 9/9 levels left

rFire   . . .        a - +1 war axe (heavy)
rCold   . . .        B - +0 tower shield
rNeg    . . .        m - +0 chain mail
rPois   +            D - +1 hat
rElec   .            r - +2 cloak
rCorr   .            (no gloves)
SInv    +            A - +0 pair of boots
Will    +....        (no amulet) Stlth
                     l - ring of Descent {*Slow Int+8 Dex+6 SInv}
HPRegen 1.08/turn    q - ring of poison resistance
MPRegen 0.12/turn

%: slow self (1%), guardian spirit
@: no status effects
A: fangs 3, regeneration 1, magic shield, antimagic bite, no potion heal 2
a: Renounce Religion, Draw Escape, Draw Destruction, Draw Summoning, Triple Draw


You were on level 8 of the Dungeon.
You worshipped Nemelex Xobeh.
Nemelex Xobeh was most pleased with you.
You visited 1 branch of the dungeon, and saw 8 of its levels.

You collected 364 gold pieces.

Inventory:

Hand Weapons
 a - a +1 heavy war axe (weapon)
 n - a +0 shortbow
 v - a +0 hand axe of venom
 H - a +4 morningstar
 J - a +0 battleaxe of flaming
Missiles
 c - 18 poisoned darts
 o - 2 javelins (quivered)
 C - 6 silver boomerangs
Armour
 m - a +0 chain mail (worn)
 r - a +2 cloak (worn)
 A - a +0 pair of boots (worn)
 B - a +0 tower shield (worn)
 D - a +1 hat (worn)
Jewellery
 l - the ring of Descent (left hand) {*Slow Int+8 Dex+6 SInv}
   (You acquired it on level 3 of the Dungeon)

   [ring of dexterity]

   Int:       It affects your intelligence (+8).
   Dex:       It affects your dexterity (+6).
   SInv:      It lets you see invisible.
   *Slow:     It may slow you when you take damage.
 q - a ring of poison resistance (right hand)
 I - a +6 ring of intelligence
Wands
 y - a wand of flame (14)
 F - a wand of light (8)
Scrolls
 f - 2 scrolls of fog
 g - a scroll of magic mapping
 h - a scroll of poison
 i - a scroll of blinking
 w - a scroll of fear
 G - a scroll of teleportation {unknown}
 K - a scroll of noise {unknown}
Potions
 b - 3 potions of heal wounds {unknown}
 d - 3 potions of might
 e - a potion of resistance {unknown}
 j - 5 potions of curing {unknown}
 k - a potion of ambrosia {unknown}
 p - 2 potions of berserk rage {unknown}
 s - 5 potions of degeneration {unknown}
 t - 5 potions of brilliance {unknown}
 u - 2 potions of flight {unknown}
 x - a potion of cancellation {unknown}
 z - 3 potions of attraction {unknown}
 E - a potion of mutation {unknown}


   Skills:
 + Level 5.3 Fighting
 + Level 8.4 Axes
 + Level 0.2 Throwing
 + Level 6.0 Armour
 + Level 1.9 Dodging
 + Level 1.9 Stealth
 + Level 6.7 Shields


You had 9 spell levels left.
You didn't know any spells.
Your spell library contained the following spells:

 Spells                   Type           Power      Damage    Failure   Level
 Apportation              Tloc           0%         N/A       100%        1
 Foxfire                  Conj/Fire      0%         2x1d4     100%        1
 Necrotise                Necr           0%         1d4       100%        1
 Summon Small Mammal      Summ           0%         N/A       100%        1
 Ozocubu's Armour         Ice            0%         N/A       100%        3
 Vampiric Draining        Necr           0%         2d6       100%        3
 Agony                    Necr           0%         N/A       100%        5
 Fireball                 Conj/Fire      0%         3d3       100%        5
 Metabolic Englaciation   Hex/Ice        0%         N/A       100%        5
 Plasma Beam              Fire/Air       0%         2x1d11    100%        6
 Simulacrum               Ice/Necr       0%         N/A       100%        6
 Starburst                Conj/Fire      0%         6d3       100%        6


Dungeon Overview and Level Annotations

Branches:
Dungeon (8/15)             Temple (0/1) D:6
   Lair: D:8-11

Altars:
Nemelex Xobeh
Okawaru
Qazlal
Vehumet
Zin
The Shining One

Shops:
D:4 ![   D:8 [=


Innate Abilities, Weirdness & Mutations

You have razor-sharp teeth.
Your natural rate of healing is unusually fast.
When hurt, damage is shared between your health and your magic reserves.
Your bite disrupts and absorbs the magic of your enemies.
Potions cannot restore your health.


Message History

* * * LOW HITPOINT WARNING * * *
The vampire mosquito draws strength from your injuries!
You block the vampire mosquito's attack.
You barely miss the vampire mosquito. You bite the vampire mosquito!
You drain its power.
You feel invigorated.
The vampire mosquito is almost destroyed.
You miss the vampire mosquito.
You block the vampire mosquito's attack. x2
The vampire mosquito bites you but does no damage.
You block the vampire mosquito's attack.
The vampire mosquito bites you but does no damage.
The vampire mosquito bites you.
The vampire mosquito draws strength from your injuries!
The vampire mosquito bites you.
* * * LOW HITPOINT WARNING * * *
The vampire mosquito draws strength from your injuries!
You hit the vampire mosquito.
You destroy the vampire mosquito!
You slash the vampire mosquito!
The vampire mosquito bites you but does no damage.
The vampire mosquito bites you!
* * * LOW HITPOINT WARNING * * *
The vampire mosquito draws strength from your injuries!
The vampire mosquito bites you.
* * * LOW HITPOINT WARNING * * *
The vampire mosquito draws strength from your injuries!
You closely miss the vampire mosquito. You bite the vampire mosquito.
You drain its power.
You feel invigorated.
The vampire mosquito is severely damaged.
The vampire mosquito barely misses you. x2; The vampire mosquito bites you.
* * * LOW HITPOINT WARNING * * *
The vampire mosquito draws strength from your injuries!
You block the vampire mosquito's attack.
You closely miss the vampire mosquito. Your bite misses the vampire mosquito.
The vampire mosquito is heavily damaged.
The vampire mosquito closely misses you.
The vampire mosquito bites you but does no damage.
The vampire mosquito bites you.
You die...
Your body glows with a rainbow of weird colours and disappears.

....... #.#..>
#..... ##..y..###
$......(.#
.........# ####.
....###.#####
...... #
##.y##.#### ....#
#(@###....# ...##
##..#.....# #....#
#.......## .....#
#........# .....#
##..#..### .....#
#..##..### ###
....### .#..##....#
##.## .......
.......##).###...#
.##....
.......#..###....##


You could see a vampire mosquito.

Vanquished Creatures
  Psyche (D:8)
  4 yaks (D:7)
  A steam dragon (D:8)
  3 vampire mosquitoes (D:8)
  2 ice beasts
  An ogre (D:5)
  2 centaurs (D:4)
  3 bullfrogs
  2 kobold brigands
  4 scorpions
  9 wights (D:7)
  5 killer bees (D:7)
  5 jellies
  An orc priest (D:7)
  4 hounds
  A sleepcap (D:3)
  5 iguanas
  2 orc wizards (D:7)
  6 adders
  A shadow imp (D:4)
  A white imp (D:6)
  3 dart slugs
  13 orcs
  4 ball pythons
  3 bats
  10 endoplasms
  4 giant cockroaches
  4 hobgoblins
  10 jackals
  19 kobolds
  2 quokkas (D:1)
  4 frilled lizards
  8 goblins
  4 rats
151 creatures vanquished.

Vanquished Creatures (collateral kills)
  A wight (D:7)
1 creature vanquished.

Grand Total: 152 creatures vanquished

Notes
Turn   | Place    | Note
-------+----------+-------------------------------------------
     0 | D:1      | Sabo the Vine Stalker Fighter began the quest for the Orb.
     0 | D:1      | Reached XP level 1. HP: 11/11 MP: 2/2
   173 | D:1      | Reached XP level 2. HP: 12/16 MP: 3/3
   241 | D:1      | Reached skill level 2 in Axes
   551 | D:1      | Reached XP level 3. HP: 19/19 MP: 4/4
  1144 | D:2      | Reached skill level 1 in Stealth
  1144 | D:2      | Gained mutation: Your natural rate of healing is unusually
                  | fast. [Vine Stalker growth]
  1144 | D:2      | Reached XP level 4. HP: 23/23 MP: 5/5
  2149 | D:3      | Reached skill level 3 in Axes
  2215 | D:3      | Found a sparkling altar of Nemelex Xobeh.
  2215 | D:3      | Found a transporter.
  2216 | D:3      | Noticed a bullfrog
  2222 | D:3      | Became a worshipper of Nemelex Xobeh the Trickster
  2232 | D:3      | Killed a bullfrog
  2233 | D:3      | Reached XP level 5. HP: 22/28 MP: 6/6
  2482 | D:3      | Found a glowing golden altar of the Shining One.
  2484 | D:3      | Found a glowing silver altar of Zin.
  2845 | D:3      | Identified a scroll of acquirement
  2848 | D:3      | Acquired the ring of Descent {*Slow Int+8 Dex+6 SInv}
  3110 | D:4      | Noticed a centaur
  3115 | D:4      | Killed a centaur
  3116 | D:4      | Reached skill level 4 in Axes
  3116 | D:4      | Reached XP level 6. HP: 33/33 MP: 7/7
  3136 | D:4      | Found a stormy altar of Qazlal.
  3210 | D:4      | Found Yziegig's Distillery.
  3290 | D:4      | Reached * piety under Nemelex Xobeh
  3728 | D:4      | Found an iron altar of Okawaru.
  3742 | D:4      | Received a gift from Nemelex Xobeh
  3900 | D:4      | Found Ipryss's Antique Armour Emporium.
  3986 | D:4      | Reached XP level 7. HP: 37/37 MP: 6/8
  4027 | D:4      | Reached ** piety under Nemelex Xobeh
  4166 | D:5      | Entered Level 5 of the Dungeon
  5103 | D:5      | Reached skill level 5 in Axes
  5103 | D:5      | Reached skill level 1 in Dodging
  5528 | D:6      | Found a radiant altar of Vehumet.
  5538 | D:6      | Gained mutation: You have razor-sharp teeth. [Vine Stalker
                  | growth]
  5538 | D:6      | Reached XP level 8. HP: 25/42 MP: 4/9
  5838 | D:6      | Received a gift from Nemelex Xobeh
  5857 | D:6      | Reached *** piety under Nemelex Xobeh
  6031 | D:6      | Found a staircase to the Ecumenical Temple.
  6268 | D:6      | Reached skill level 6 in Axes
  6645 | D:7      | Noticed a yak
  6647 | D:7      | Noticed a yak
  6647 | D:7      | Noticed a yak
  6651 | D:7      | Noticed a yak
  6653 | D:7      | Killed a yak
  6656 | D:7      | Killed a yak
  6657 | D:7      | Reached skill level 5 in Armour
  6657 | D:7      | Reached skill level 5 in Shields
  6657 | D:7      | Reached XP level 9. HP: 46/46 MP: 10/10
  6663 | D:7      | Reached skill level 7 in Axes
  6963 | D:7      | Received a gift from Nemelex Xobeh
  7528 | D:8      | Found Julliwollu's Jewellery Shop.
  7547 | D:8      | Found Eluprang's Armour Boutique.
  7744 | D:8      | Noticed Psyche
  7749 | D:8      | Killed Psyche
  7750 | D:8      | Reached skill level 5 in Fighting
  7750 | D:8      | Reached skill level 8 in Axes
  7750 | D:8      | Reached XP level 10. HP: 25/51 MP: 4/11
  7844 | D:8      | HP: 2/51 [vampire mosquito (3)]
  7846 | D:8      | Slain by a vampire mosquito

Illustrated notes

Levels and vault maps discovered:
D:1:      lightli_arrival_statuegarden, layout_basic
D:2:      layout_loops_ring
D:3:      minmay_spotlight, layout_basic, grunt_nemelex_the_gamble,
          mainiacjoe_overflow_catwalk_spiral
D:4:      layout_gridville, grunt_qazlal_sundering, okawaru_trees_2,
          serial_shops, shop_statue, shop
D:5:      layout_layer_cave
D:6:      layout_loops_corners, lemuel_tele_altar,
          minmay_temple_entry_steel_oval
D:7:      layout_cave_pods, minmay_misc_feat_tiny
D:8:      layout_cave_pools, serial_shops, kennysheep_mini_moat, shop,
          uniq_psyche

Skill      XL: |  1  2  3  4  5  6  7  8  9 10 |
---------------+-------------------------------+-----
Axes           | 2 3 4 5 6 8 |  8.4
Shields        | 3 4 5 6 |  6.7
Stealth        | 1 |  1.9
Fighting       | 3 4 5 |  5.3
Armour         | 3 4 5 6 |  6.0
Dodging        | 1 |  1.9
Throwing       | |  0.2

Action                     |  1- 3 |  4- 6 |  7- 9 | 10-12 || total
---------------------------+-------+-------+-------+-------++-------
  Melee: War axe           |    68 |   144 |   145 |    10 ||   367
         Bite              |     9 |    37 |    41 |     3 ||    90
  Throw: Javelin           |       |       |     3 |     4 ||     7
 Invoke: Draw Summoning    |       |       |     1 |       ||     1
    Use: Scroll            |       |    12 |     4 |       ||    16
 Armour: Scale mail        |    32 |     6 |       |       ||    38
         Chain mail        |       |    93 |    79 |    23 ||   195
  Dodge: Dodged            |    42 |    69 |    53 |    17 ||   181
  Block: Buckler           |    17 |    48 |     4 |       ||    69
         Tower shield      |       |       |   153 |    35 ||   188
